 Dungeon Crawl Stone Soup version 0.32-a0-913-g739538afd8 (webtiles) character file.

Game seed: 9702672745739512082

1707800 Ge0ff the Gargoyle Blade (level 27, 154/179 HPs)
             Began as a Gargoyle Hedge Wizard on Apr 7, 2024.
             Was the Champion of Ashenzari.
             Escaped with the Orb
             ... and 3 runes
             ... and 1 gem on Apr 8, 2024!
             The game lasted 02:54:52 (74724 turns).

Ge0ff the Gargoyle Blade (Gargoyle Hedge Wizard)   Turns: 74724, Time: 02:54:52

Health: 154/179    AC: 44    Str: 16    XL:     27
Magic:  12/58      EV: 14    Int: 33    God:    Ashenzari [******]
Gold:   3899       SH:  9    Dex: 13    Spells: 0/70 levels left

rFire   + + +        a - staff "Shackled With Me" (curse) {rF+ rN+ Conj Fire, Self, Dev} (curse)
rCold   + . .        D - +3 buckler of Ashenzari's Doubts {AC+3, Cun, Self} (curse)
rNeg    + + .        w - +3 salamander hide armour {Flames, rFlCloud rF++ rC--, Comp, Elem} (curse)
rPois   ∞            h - +2 helmet of Apeoromancy {Int+3, Fort, Elem} (curse)
rElec   +            i - +2 cloak "Gaze Upon Infinity" {rCorr, Comp, Dev} (curse)
rCorr   +            k - +2 pair of gloves of Ashenzari's Pragmatism {Dex+4, Bglg, Fort} (curse)
SInv    +            Y - +2 pair of boots "Anxiety of Ashenzari" {^Contam rC++, Melee, Self} (curse)
Will    ++++.        n - amulet of the Shattered Sage {RegenMP+, Elem, Self} (curse)
Stlth   ++           t - ring "Thunder Perfect Mind" {Ice Will++, Self, Elem} (curse)
HPRegen 0.49/turn    Q - ring "I Knew You'd Do That" {rElec rF+ MP+9 Int+3, Self, Comp} (curse)
MPRegen 0.76/turn

%: clarity
@: flying, studying 5 skills
A: sickness immunity, AC +20, big wings, negative energy resistance 1,
electricity resistance, torment resistance 1, petrification resistance, sense
surroundings 1, MP-powered wands, noise suppression, persistent drain
0: Orb of Zot
}: 3/15 runes: decaying, silver, gossamer
a: Renounce Religion, Shatter the Chains


You escaped.
You worshipped Ashenzari.
Ashenzari was exalted by your worship.
You visited 11 branches of the dungeon, and saw 51 of its levels.

You collected 9402 gold pieces.
You spent 5503 gold pieces at shops.

Inventory:

Missiles
 g - a throwing net {=F}
 v - 13 curare-tipped darts {=F}
 A - 10 javelins
 Z - 4 silver javelins
Armour
 h - the cursed +2 helmet of Apeoromancy (worn) {Int+3, Fort, Elem}
   (You acquired it on level 1 of the Swamp)

   It has a curse which improves the following skills: Fortitude: Armour and
   Shields.
   Elements:  Fire Magic, Ice Magic, Air Magic and Earth Magic.
 i - the cursed +2 cloak "Gaze Upon Infinity" (worn) {rCorr, Comp, Dev}
   (You bought it in a shop on level 1 of the Depths)

   It has a curse which improves the following skills: Companions: Summonings
   and Necromancy.
   Devices:   Evocations and Shapeshifting.
 k - the cursed +2 pair of gloves of Ashenzari's Pragmatism (worn) {Dex+4, Bglg, Fort}
   (You bought it in a shop on level 1 of the Depths)

   Dex+4:     It affects your dexterity (+4).
   It has a curse which improves the following skills: Beguiling: Hexes and
   Translocations.
   Fortitude: Armour and Shields.
 w - the cursed +3 salamander hide armour (worn) {Flames, rFlCloud rF++ rC--, Comp, Elem}
   (You bought it in a shop on level 2 of the Orcish Mines)

   Flames:    It surrounds you with flame clouds and enhances your fire magic.
   rFlCloud:  It grants immunity to flame clouds.
   rF++:      It greatly protects you from fire.
   rC--:      It makes you very vulnerable to cold.
   It has a curse which improves the following skills: Companions: Summonings
   and Necromancy.
   Elements:  Fire Magic, Ice Magic, Air Magic and Earth Magic.
 D - the cursed +3 buckler of Ashenzari's Doubts (worn) {AC+3, Cun, Self}
   (You found it on level 3 of the Crypt)

   It has a curse which improves the following skills: Cunning: Dodging and
   Stealth.
   Introspection: Fighting and Spellcasting.
 G - a +2 cloak of willpower
 Y - the cursed +2 pair of boots "Anxiety of Ashenzari" (worn) {^Contam rC++, Melee, Self}
   (You found it on level 1 of the Swamp)

   rC++:      It greatly protects you from cold.
   ^Contam:   It causes magical contamination when unequipped.
   It has a curse which improves the following skills: Melee Combat: Short
   Blades, Long Blades, Axes, Maces & Flails, Polearms, Staves and Unarmed
   Combat.
   Introspection: Fighting and Spellcasting.
Magical Staves
 a - the cursed staff "Shackled With Me" (weapon) {rF+ rN+ Conj Fire, Self, Dev}
   (You found it on level 2 of the Depths)

   [staff of fire]

   Base accuracy: +5 Base damage: 5 Base attack delay: 1.2 This weapon's minimum
   attack delay (0.6) is reached at skill level 12.
   rF+:       It protects you from fire.
   rN+:       It protects you from negative energy.
   Conj:      It increases the power of your Conjurations spells.
   Fire:      It increases the power of your Fire spells.
   It falls into the 'Staves' category.
   It is a one-handed weapon.
   It has a curse which improves the following skills: Introspection: Fighting
   and Spellcasting.
   Devices:   Evocations and Shapeshifting.
Jewellery
 b - an amulet of regeneration
 n - the cursed amulet of the Shattered Sage (around neck) {RegenMP+, Elem, Self}
   (You found it on level 4 of the Dungeon)

   [amulet of magic regeneration]

   It increases your rate of magic regeneration.
   RegenMP+:  It increases your rate of magic regeneration.
   It has a curse which improves the following skills: Elements: Fire Magic, Ice
   Magic, Air Magic and Earth Magic.
   Introspection: Fighting and Spellcasting.
 p - the ring of Lyir {rElec rN+ Int+6}
   (You took it off a deep elf blademaster on level 3 of the Elven Halls)

   [ring of intelligence]

   Int+6:     It affects your intelligence (+6).
   rElec:     It insulates you from electricity.
   rN+:       It protects you from negative energy.
 t - the cursed ring "Thunder Perfect Mind" (left hand) {Ice Will++, Self, Elem}
   (You bought it in a shop on level 2 of the Orcish Mines)

   [ring of ice]

   Ice:       It enhances your ice magic.
   rF-:       It makes you vulnerable to fire.
   rC+:       It protects you from cold.
   Will++:    It greatly increases your willpower.
   It has a curse which improves the following skills: Introspection: Fighting
   and Spellcasting.
   Elements:  Fire Magic, Ice Magic, Air Magic and Earth Magic.
 L - the ring "Zeintih" {rElec rF- rCorr EV+5 Int+7}
   (You found it on level 1 of the Vaults)

   [ring of evasion]

   EV+5:      It affects your evasion (+5).
   Int+7:     It affects your intelligence (+7).
   rF-:       It makes you vulnerable to fire.
   rElec:     It insulates you from electricity.
   rCorr:     It protects you from acid and corrosion.
 Q - the cursed ring "I Knew You'd Do That" (right hand) {rElec rF+ MP+9 Int+3, Self, Comp}
   (You found it on level 1 of the Swamp)

   [ring of magical power]

   Int+3:     It affects your intelligence (+3).
   rF+:       It protects you from fire.
   rElec:     It insulates you from electricity.
   MP+9:      It affects your magic capacity (+9).
   It has a curse which improves the following skills: Introspection: Fighting
   and Spellcasting.
   Companions: Summonings and Necromancy.
Wands
 d - a wand of digging (21)
 e - a wand of charming (28)
 f - a wand of flame (39)
 j - a wand of acid (45)
 r - a wand of roots (34)
 s - a wand of mindburst (49)
 P - a wand of polymorph (23)
Scrolls
 m - 5 scrolls of revelation
 y - 3 scrolls of immolation
 B - 2 scrolls of blinking
 C - 6 scrolls of poison
 E - 6 scrolls of fear
 F - 4 scrolls of fog
 J - 3 scrolls of silence {!r}
 S - 5 scrolls of butterflies
 T - 14 scrolls of teleportation
 V - 13 scrolls of vulnerability
Potions
 o - 16 potions of ambrosia
 q - 19 potions of curing
 u - 3 potions of mutation {!q}
 z - 2 potions of brilliance
 H - 4 potions of haste {!q}
 I - 3 potions of invisibility
 K - 11 potions of magic {!q}
 M - 12 potions of might
 N - 5 potions of cancellation {!q}
 R - 5 potions of resistance
 W - 16 potions of heal wounds {!q}
 X - 8 potions of enlightenment
Miscellaneous
 c - a condenser vane
 l - a lightning rod (inert)
 x - a Gell's gravitambourine (1/2)
 O - a box of beasts
 U - a phantom mirror


   Skills:
 + Level 12.4(19.9) Fighting
 + Level 21.6(23.7) Long Blades
 - Level 9.5(12.0) Staves
 - Level 6.0 Throwing
 - Level 6.4(10.0) Armour
 - Level 7.4(10.0) Dodging
 + Level 8.9(11.4) Stealth
 - Level 6.4(10.0) Shields
 - Level 14.5(22.0) Spellcasting
 - Level 18.0 Conjurations
 - Level 4.6(7.0) Hexes
 - Level 1.0(3.5) Summonings
 - Level 7.3(12.0) Necromancy
 - Level 7.0(9.5) Translocations
 - Level 15.0(20.6) Fire Magic
 - Level 17.1(22.6) Air Magic
 - Level 14.9(20.5) Earth Magic
 + Level 8.6 Alchemy
 - Level 10.4(14.0) Evocations


You couldn't memorise any spells.
You knew the following spells:

 Your Spells              Type           Power      Damage    Failure   Level
d - Iskenderun's Mystic   Conj/Tloc      100%       2d19      (+2d11%     4
e - Irradiate             Conj/Alch      55%        3d30      1%          5
i - Ignition              Fire           78%        3d20      1%          8
j - Orb of Destruction    Conj           62%        9d15      1%          7
k - Plasma Beam           Fire/Air       79%        2x1d97    1%          6
m - Lehudib's Crystal Sp  Conj/Erth      64%        10d15     2%          8
n - Dispel Undead         Necr           86%        3d28      1%          4
s - Maxwell's Capacitive  Air            55%        ∞         1%          8
w - Passwall              Erth           100%       N/A       0%          3
y - Yara's Violent Unrav  Hex/Alch       36%        3d15      1%          5
B - Blink                 Tloc           100%       N/A       1%          2
C - Fireball              Conj/Fire      89%        3d33      0%          5
E - Arcjolt               Conj/Air       65%        1d75      0%          5

Your spell library contained the following spells:

 Spells                   Type           Power      Damage    Failure   Level
 Foxfire                  Conj/Fire      100%       2x1d9     0%          1
 Kiss of Death            Conj/Necr      100%       2d13      0%          1
 Magic Dart               Conj           100%       1d8       0%          1
 Necrotise                Necr           100%       1d9       0%          1
 Sandblast                Erth           100%       2d20      0%          1
 Mercury Vapours          Alch/Air       100%       N/A       0%          2
 Momentum Strike          Conj/Tloc      100%       3d10      0%          2
 Scorch                   Fire           100%       2d9       0%          2
 Inner Flame              Hex/Fire       100%       N/A       0%          3
 Mephitic Cloud           Conj/Alch/Air  100%       N/A       0%          3
 Stone Arrow              Conj/Erth      100%       3d13      0%          3
 Swiftness                Air            100%       N/A       0%          3
 Volatile Blastmotes      Fire/Tloc      100%       2d18      0%          3
 Brom's Barrelling Bould  Conj/Erth      100%       2d11      0%          4
 Flame Wave               Conj/Fire      100%       2d21      0%          4
 Vhi's Electric Charge    Tloc/Air       100%       N/A       0%          4
 Lee's Rapid Deconstruct  Erth           53%        3d25*     0%          5
 Freeze                   Ice            100%       1d10      1%          1
 Slow                     Hex            100%       N/A       1%          1
 Summon Small Mammal      Summ           100%       N/A       1%          1
 Call Imp                 Summ           100%       N/A       1%          2
 Ensorcelled Hibernation  Hex/Ice        100%       N/A       1%          2
 Lesser Beckoning         Tloc           100%       N/A       1%          2
 Call Canine Familiar     Summ           56%        N/A       1%          3
 Confusing Touch          Hex            70%        N/A       1%          3
 Dazzling Flash           Conj/Hex       100%       N/A       1%          3
 Hailstorm                Conj/Ice       100%       3d16      1%          3
 Maxwell's Portable Pile  Tloc           78%        2d(13-37) 1%          3
 Sigil of Binding         Hex            70%        N/A       1%          3
 Summon Ice Beast         Ice/Summ       66%        N/A       1%          3
 Teleport Other           Tloc           78%        N/A       1%          3
 Vampiric Draining        Necr           86%        2d12      1%          3
 Anguish                  Hex/Necr       39%        N/A       1%          4
 Animate Dead             Necr           86%        N/A       1%          4
 Cause Fear               Hex            35%        N/A       1%          4
 Dimensional Bullseye     Hex/Tloc       37%        N/A       1%          4
 Fulminant Prism          Conj/Alch      55%        3d25      1%          4
 Ignite Poison            Fire/Alch      100%       N/A       1%          4
 Leda's Liquefaction      Alch/Erth      46%        N/A       1%          4
 Martyr's Knell           Necr/Summ      73%        N/A       1%          4
 Olgreb's Toxic Radiance  Alch           75%        N/A       1%          4
 Passage of Golubria      Tloc           78%        N/A       1%          4
 Petrify                  Alch/Erth      93%        N/A       1%          4
 Sticky Flame             Fire/Alch      100%       2d15      1%          4
 Summon Blazeheart Golem  Fire/Summ      100%       N/A       1%          4
 Curse of Agony           Necr           86%        N/A       1%          5
 Freezing Cloud           Conj/Ice/Air   68%        6-21      1%          5
 Iskenderun's Battlesphe  Conj           100%       2d15      1%          5
 Silence                  Hex/Air        47%        N/A       1%          5
 Bombard                  Conj/Erth      64%        9d10      1%          6
 Conjure Ball Lightning   Conj/Air       65%        3x3d23    1%          6
 Death Channel            Necr           43%        N/A       1%          6
 Starburst                Conj/Fire      89%        6d22      1%          6
 Frozen Ramparts          Ice            100%       1d16      2%          3
 Ozocubu's Armour         Ice            58%        N/A       2%          3
 Summon Forest            Summ/Tloc      34%        N/A       2%          5
 Permafrost Eruption      Ice/Erth       51%        2x4d12    2%          6
 Summon Mana Viper        Hex/Summ       63%        N/A       3%          5
 Dispersal                Tloc           39%        N/A       3%          6
 Gell's Gavotte           Tloc           39%        2d(28-42) 3%          6
 Eringya's Noxious Bog    Alch           37%        4d6       5%          6
 Metabolic Englaciation   Hex/Ice        38%        N/A       6%          5
 Sculpt Simulacrum        Ice/Alch       39%        N/A       26%         6
 Summon Cactus Giant      Summ           28%        N/A       38%         6
 Haunt                    Necr/Summ      36%        N/A       38%         7
 Enfeeble                 Hex            35%        N/A       50%         7
 Borgnjor's Revivificati  Necr           43%        N/A       50%         8
 Infestation              Necr           43%        N/A       50%         8
 Monstrous Menagerie      Summ           28%        N/A       93%         7
 Summon Hydra             Summ           28%        N/A       93%         7
 Discord                  Hex            35%        N/A       99%         8
 Ozocubu's Refrigeration  Ice            29%        4d13      100%        7
 Cigotuvi's Dreadful Rot  Necr/Alch/Air  Unusable   N/A       N/A         2
 Sublimation of Blood     Necr           Unusable   N/A       N/A         2

Dungeon Overview and Level Annotations

Branches:
Dungeon (15/15)            Temple (1/1) D:6            Lair (5/5) D:10
  Swamp (4/4) Lair:3       Spider (4/4) Lair:2        Slime (0/5) Lair:5
    Orc (2/2) D:9             Elf (3/3) Orc:2        Vaults (5/5) D:14
  Crypt (3/3) Vaults:3       Tomb (0/3) Crypt:3      Depths (4/4) D:15
    Zot (5/5) Depths:4

Altars:
Ashenzari
Cheibriados
Dithmenos
Elyvilon
Fedhas
Gozag
Hepliaklqana
Kikubaaqudgha
Makhleb
Nemelex Xobeh
Okawaru
Qazlal
Ru
Sif Muna
Trog
Uskayaw
Vehumet
Wu Jian
Xom
Yredelemnul
Zin
The Shining One
Beogh
Jiyva
Lugonu

Shops:
D:3 (   D:9 (   Orc:1 ([   Orc:2 =:[[   Elf:1 ?   Elf:3 *   Vaults:1 (
Vaults:4 :   Depths:1 [!(?

Portals:
Hell: Depths:1 Depths:2 Depths:3 Depths:4
Abyss: Lair:5 Depths:1 Depths:3
Pandemonium: Depths:2
Ziggurat: Depths:1


Innate Abilities, Weirdness & Mutations

You are immune to sickness and miasma.
Your stone body is resilient. (AC +20)
You are immune to poison.
Your large and strong wings let you fly.
You resist negative energy. (rN+)
You are resistant to electric shocks. (rElec)
You are resistant to unholy torment.
You are immune to petrification.
You passively map a small area around you.
You expend magic power (3 MP) to strengthen your wands.
You passively dampen the noise of your surroundings.
Your health recovers twice as slowly from being drained.


Message History

The fireball engulfs the seraph.
The seraph completely resists.
The seraph is almost dead.
You kill the seraph!
The cherub dissolves into sparkling lights!
The cherub shoots an arrow.
The arrow hits you!
The cherub shoots a sling bullet.
The sling bullet hits you.
Aiming: Thunderbolt
Press: ? - help, Shift-Dir - straight line, f - cherub
Aim: a cherub, wielding a +0 sling, wearing a +0 robe and wearing a +0 buckler (severely wounded, strong, bound in place, haloed)
The thunderbolt hits the cherub.
The cherub resists.
The cherub is severely wounded.
The cherub shoots an arrow.
The arrow hits you.
The cherub shoots a sling bullet.
The sling bullet hits you.
Aiming: Thunderbolt
Press: ? - help, Shift-Dir - straight line, f/p - cherub
Aim: a cherub, wielding a +0 sling, wearing a +0 robe and wearing a +0 buckler (severely wounded, strong, bound in place, haloed)
The thunderbolt hits the cherub.
The cherub resists.
The cherub is severely wounded.
The cherub shoots an arrow.
You block the arrow.
The cherub shoots a sling bullet.
The sling bullet misses you.
Aiming: Thunderbolt
Press: ? - help, Shift-Dir - straight line, f/p - cherub
Aim: a cherub, wielding a +0 sling, wearing a +0 robe and wearing a +0 buckler (severely wounded, strong, bound in place, haloed)
The thunderbolt hits the cherub!
The cherub resists.
The cherub is almost dead.
Aiming: Thunderbolt
Press: ? - help, Shift-Dir - straight line, f/p - cherub
Aim: a cherub, wielding a +0 sling, wearing a +0 robe and wearing a +0 buckler (almost dead, strong, bound in place, haloed)
The thunderbolt hits the cherub!!
The cherub resists.
You kill the cherub!
The lightning rod overheats!
The cherub shoots an arrow.
The arrow hits you but does no damage.
Casting: Ignition (dangerous; 1% risk of failure)
Confirm with . or Enter, or press ? or * to list all spells.
Aiming: Fireball (safe; 0% risk of failure)
Press: ? - help, Shift-Dir - straight line, f - cherub
Aim: a cherub, wielding a +0 shortbow and wearing a +0 robe (almost dead, strong, haloed)
You feel a huge surge of power!
The fireball explodes!
The fireball engulfs the cherub!
The cherub resists.
You kill the cherub!
You sense a monster nearby.
A hellwing and an ancient lich come into view.
Aiming: Dig
Press: ? - help, Shift-Dir - straight line This square is covered in magical glow.
There is a cloud of flame here.
You feel a surge of power!
The rock shatters into small pieces.
An ufetubus comes into view.
There is a staircase leading out of the dungeon here.
You have escaped!

#.......######'### #....#
###.......##.'.....#####....#
..........##.#.....#...#....#
..........#..#..ß..'.ß.#....#
.............#.....#...#....#
.............'.....#####....##
..........##.###'.## #.....#
#######.####..#☼°.# ###..[..# ##
#.#####.#.@○# ##.......# # .##
#..#....#☼○○# #........# ## ..###
#.......###○###..#########.
#...###.....##.....#.#...### #..
.....†.........##°.#.###...####..
...................#.....#.......
..........................#####..
....................L.{....# #..
....###..............{.....#####.


You could see an ancient lich.

Vanquished Creatures
  3 dread liches
  A seraph (D:1)
  Khufu (Crypt:3)
  9 orbs of fire
  Mennas (Crypt:3)
  4 ancient liches
  Xtahua (Crypt:1)
  The ghost of Doacwiki the Slayer, a veteran MiMo of Yredelemnul (Zot:5)
  Boris (Depths:2)
  the Lernaean hydra (Swamp:4)
  Margery (Vaults:3)
  7 Killer Klowns
  3 curse toes
  5 caustic shrikes (Depths:4)
  Nikola (Spider:1)
  3 golden dragons
  A profane servitor (Crypt:3)
  3 bone dragons
  2 doom hounds (Depths:3)
  A Tzitzimitl (D:6)
  3 electric golems
  A shard shrike zombie (Crypt:3)
  Mlioglotl (Spider:3)
  14 tentacled monstrosities
  Zenata (Vaults:4)
  25 Orb Guardians (Zot:5)
  Asterion (Spider:2)
  A Hell Sentinel (Depths:1)
  An Ice Fiend (D:1)
  2 titans (Vaults:5)
  2 deep elf master archers (Elf:3)
  5 liches
  The ghost of Marig the Metamorph, an adept TrSh of Trog (Spider:2)
  5 quicksilver dragons
  Grunn (Depths:3)
  2 deep elf blademasters (Elf:3)
  A searing wretch (Vaults:3)
  2 Executioners
  Gastronok (Lair:3)
  7 sphinxes
  2 ancient champions
  6 death cobs
  Kirke (D:13)
  11 shadow dragons
  6 storm dragons
  The ghost of Lanoc the Marksgoblin, an adept CoCK of Jiyva (Spider:3)
  The ghost of MackTheKnife the Warrior, an adept CoGl of Hepliaklqana (Spider:4)
  12 protean progenitors
  2 tengu reavers (Vaults:5)
  2 revenants
  Roxanne (Swamp:2)
  A daeva (D:8)
  9 fire giants
  Donald (Spider:3)
  2 draconian knights (Zot:3)
  A fenstrider witch (Swamp:3)
  2 iron dragons
  6 ghost moths
  3 deep elf sorcerers (Elf:3)
  2 frost giants
  3 draconian shifters
  14 vault wardens
  2 curse skulls
  7 deep elf elementalists (Elf:3)
  2 emperor scorpions
  A draconian scorcher (Zot:3)
  21 very ugly things
  5 ghouls
  3 draconian stormcallers
  An orc warlord (Vaults:3)
  15 ironbound preservers
  2 draconian annihilators
  2 spriggan defenders (Depths:2)
  5 formless jellyfish
  An angel (Depths:1)
  8 ironbound thunderhulks
  23 stone giants
  6 vampire knights
  A juggernaut zombie (Crypt:1)
  6 broodmothers
  5 deep elf demonologists
  5 green draconians
  Azrael (D:13)
  3 eleionomae (Swamp:3)
  5 black draconians
  11 dire elephants
  13 deep elf death magi
  3 yellow draconians
  7 purple draconians
  6 deep elf annihilators
  4 white draconians
  5 war gargoyles
  3 eidola
  3 red draconians
  14 spark wasps
  2 bunyips (Swamp:4)
  14 ettins
  2 mummy priests (Crypt:3)
  A merfolk impaler (Depths:3)
  A merfolk javelineer (Depths:3)
  4 fire dragons
  6 great orbs of eyes
  7 deep elf high priests
  Josephine (D:15)
  10 entropy weavers
  14 jiangshi
  31 vault guards
  14 yaktaur captains
  4 rakshasas
  2 entropy weavers (shapeshifter)
  34 hydras
  15 ice dragons
  A salamander tyrant (Depths:1)
  A quicksilver dragon skeleton (Crypt:2)
  3 radroaches
  An anaconda (Swamp:2)
  2 hell beasts (Depths:1)
  12 alligators
  A peacekeeper (Vaults:4)
  An Orb Guardian zombie (Crypt:2)
  13 ironbound frosthearts
  3 ghost crabs
  A catoblepas (Lair:3)
  2 death knights (Crypt:3)
  5 centaur warriors
  6 boulder beetles
  An anaconda (shapeshifter) (Elf:2)
  2 ogre magi (Vaults:5)
  3 spriggan air magi
  2 jorogumos
  4 deep troll shamans (Depths:2)
  3 tengu warriors
  9 death yaks
  4 deep troll earth magi
  4 hell hogs (D:5)
  A death scarab (Spider:3)
  6 orc high priests (Orc:2)
  8 spriggan berserkers
  4 vampire magi
  A spectral emperor scorpion (Spider:3)
  15 demonic crawlers
  29 dancing weapons
  An occultist (D:15)
  An emperor scorpion zombie (Crypt:1)
  Sonja (D:10)
  A shock serpent (shapeshifter) (Depths:4)
  A sun demon (D:13)
  3 thrashing horrors (Lair:5)
  Amaemon (D:9)
  22 deep elf knights
  6 shadow wraiths
  A soul eater (D:10)
  Lodul (D:11)
  10 hell knights
  5 goliath frogs
  8 skysharks
  6 iron trolls
  4 pharaoh ants
  2 cherubim (D:1)
  31 skeletal warriors
  9 orb spiders
  14 deep elf archers
  10 bog bodies
  5 spriggan druids (Swamp:3)
  A deep troll (shapeshifter) (Vaults:5)
  35 deep trolls
  4 mana vipers
  3 glowing orange brains
  A quicksilver dragon simulacrum (Depths:1)
  An orange crystal statue (Elf:1)
  8 arcanists
  2 flayed ghosts
  11 swamp dragons
  A sun moth (Spider:1)
  A sea snake (shapeshifter) (Vaults:4)
  10 steelbarb worms
  The ghost of JaaP the Trooper, a novice MDMo (D:6)
  10 phantasmal warriors
  A spriggan simulacrum (Crypt:3)
  18 harpies
  20 deep elf pyromancers
  Pikel (D:9)
  5 necromancers
  5 large abominations
  26 deep elf zephyrmancers
  11 lindwurms
  14 ironbound convokers
  An obsidian bat (Orc:2)
  7 thermic dynamos
  An orb spider (shapeshifter) (Vaults:5)
  3 will-o-the-wisps
  5 orc sorcerers (Orc:2)
  5 orc knights
  6 cyclopes
  21 ugly things
  A manticore (shapeshifter) (Vaults:5)
  18 wolf spiders
  4 manticores
  16 meliai
  A moth of wrath (shapeshifter) (Vaults:5)
  A centaur zombie (D:15)
  22 moths of wrath
  Maurice (D:7)
  15 vault sentinels
  4 black mambas
  2 kobold blastminers (Orc:1)
  5 cane toads
  9 torpor snails
  An emperor scorpion simulacrum (Spider:3)
  An orange demon (D:9)
  A gargoyle (D:13)
  4 smoke demons (Lair:5)
  4 unseen horrors
  10 rime drakes
  3 centaur skeletons (D:15)
  A hellion (Zot:5)
  A black draconian zombie (Crypt:1)
  A yellow draconian zombie (Crypt:1)
  44 yaktaurs
  A tengu conjurer (D:15)
  13 komodo dragons
  A ghost moth simulacrum (Spider:3)
  3 efreet (D:14)
  5 freezing wraiths
  A red draconian skeleton (Crypt:1)
  A bunyip simulacrum (Crypt:3)
  10 guardian mummies
  3 polar bears
  12 trolls
  A hydra skeleton (Crypt:3)
  7 bloated husks
  8 hornets
  A queen bee (Lair:4)
  8 tyrant leeches
  2 wolf spider simulacra (Spider:3)
  A polar bear (shapeshifter) (D:13)
  Prince Ribbit (D:9)
  28 tarantellas
  32 blink frogs
  32 jumping spiders
  10 dream sheep
  A glass eye (Depths:4)
  3 raiju (Lair:5)
  A raiju (shapeshifter) (Lair:5)
  A guardian serpent skeleton (Crypt:2)
  13 small abominations
  2 wyverns
  4 air elementals
  5 vampires
  52 slime creatures
  6 shadows
  19 culicivoras
  8 spriggans
  5 water elementals
  12 wraiths
  3 hogs (D:13)
  A ynoxinul (Lair:5)
  8 fire elementals
  52 yaks
  12 wargs
  59 redbacks
  2 slime creature zombies (Crypt:2)
  A steam dragon (D:8)
  10 vampire mosquitoes
  9 basilisks
  A chaos spawn (Lair:5)
  2 spectral entropy weavers (Spider:3)
  2 acid dragons
  20 swamp worms
  2 hell hounds
  A fire bat zombie (Crypt:2)
  20 water moccasins
  7 swamp drakes
  7 orc warriors
  5 ice beasts
  A hornet zombie (Crypt:1)
  15 laughing skulls
  A sky beast (D:6)
  A black bear (D:6)
  4 boggarts (Vaults:1)
  16 wolves
  13 ogres
  9 centaurs
  An ogre (shapeshifter) (D:15)
  A phantom (D:4)
  2 weeping skulls (Crypt:3)
  7 kobold brigands
  9 bullfrogs
  5 gnoll sergeants
  An earth elemental (Elf:2)
  2 scorpions
  A warg skeleton (Crypt:2)
  4 burial acolytes (Crypt:3)
  10 wights
  A yak zombie (Crypt:2)
  30 killer bees
  7 howler monkeys
  6 electric eels
  4 hounds (D:6)
  29 orc priests
  2 gnoll boudas (D:6)
  A jelly (D:6)
  30 orc wizards
  A boggart zombie (D:15)
  Natasha (thrice) (D:2)
  7 hell rats (Lair:4)
  An acid dragon zombie (Crypt:1)
  9 gnolls
  13 adders
  A shadow imp (D:8)
  3 white imps
  2 dart slugs
  A ribbon worm (D:5)
  93 orcs
  6 endoplasms
  A giant cockroach (D:1)
  3 goblins
  12 hobgoblins
  7 jackals (D:4)
  33 kobolds
  6 ball pythons
  3 bats
  An endoplasm zombie (Crypt:1)
  4 frilled lizards
  An orc skeleton (Crypt:2)
  An orc zombie (Crypt:2)
  8 rats
  12 aspiring fleshes
  4 butterflies (Zot:3)
2263 creatures vanquished.

Vanquished Creatures (collateral kills)
  2 gnolls
  2 ball lightnings (Spider:1)
4 creatures vanquished.

Vanquished Creatures (others)
  3 protean progenitors (Zot:3)
  2 bunyips (Zot:3)
  A jorogumo (Zot:3)
  A spriggan (Swamp:4)
  A deep elf knight (Elf:1)
  A skyshark (Zot:3)
  A guardian mummy (Zot:3)
  A hornet (Swamp:4)
  A vampire mosquito (D:13)
  A centaur (D:15)
  A hobgoblin (D:2)
  An aspiring flesh (Zot:3)
  283 ball lightnings
  A butterfly (Zot:3)
  14 foxfires
313 creatures vanquished.

Grand Total: 2580 creatures vanquished

Notes
Turn   | Place    | Note
-------+----------+-------------------------------------------
     0 | D:1      | Ge0ff the Gargoyle Hedge Wizard began the quest for the
                  | Orb.
     0 | D:1      | Reached XP level 1. HP: 10/10 MP: 4/4
   396 | D:1      | Reached XP level 2. HP: 15/15 MP: 3/6
   428 | D:1      | Learned a level 2 spell: Call Imp
   451 | D:1      | Reached skill level 1 in Summonings
   822 | D:2      | Reached XP level 3. HP: 20/20 MP: 3/7
   892 | D:2      | Learned a level 2 spell: Blink
   929 | D:2      | Reached skill level 1 in Translocations
  1129 | D:2      | Reached skill level 1 in Fighting
  1175 | D:2      | Found an ornate altar of the Wu Jian Council.
  1318 | D:2      | Noticed Natasha
  1429 | D:2      | Learned a level 3 spell: Mephitic Cloud
  1437 | D:2      | Reached XP level 4. HP: 25/25 MP: 6/8
  2409 | D:2      | Killed Natasha
  2410 | D:2      | Reached skill level 1 in Air Magic
  2410 | D:2      | Reached skill level 1 in Alchemy
  2410 | D:2      | Reached XP level 5. HP: 26/29 MP: 4/9
  2525 | D:2      | Found an ornate altar of the Wu Jian Council.
  2525 | D:2      | Noticed Natasha
  2532 | D:2      | Killed Natasha
  2741 | D:2      | Noticed Natasha
  2747 | D:2      | Killed Natasha
  3161 | D:3      | Found a faded altar of an unknown god.
  3234 | D:3      | Identified the +0 robe of the Vaults {Regen+}
  3427 | D:3      | Found Ovits's Antique Weapon Emporium.
  3512 | D:3      | Reached XP level 6. HP: 34/34 MP: 3/10
  4121 | D:4      | Reached skill level 5 in Conjurations
  5310 | D:5      | Entered Level 5 of the Dungeon
  5315 | D:5      | Reached XP level 7. HP: 38/38 MP: 8/11
  6024 | D:4      | HP: 1/40 [wight/+4 halberd (7)]
  6133 | D:5      | Identified 2 scrolls of acquirement
  6140 | D:5      | Acquired 339 gold pieces
  6141 | D:5      | Acquired 895 gold pieces
  6152 | D:5      | Learned a level 2 spell: Scorch
  6425 | D:5      | Found a glowing golden altar of the Shining One.
  6448 | D:4      | Reached skill level 1 in Fire Magic
  6663 | D:6      | Found a hide-covered altar of Uskayaw.
  6708 | D:6      | Reached XP level 8. HP: 44/44 MP: 11/14
  6805 | D:6      | Found a staircase to the Ecumenical Temple.
  7100 | Temple   | Entered the Ecumenical Temple
  7117 | Temple   | Became a worshipper of Ashenzari the Shackled
  7361 | D:6      | Found a runed translucent gate.
  7366 | D:6      | Found a runed translucent gate.
  7367 | D:6      | Found a runed translucent gate.
  7424 | D:6      | Reached skill level 5 in Fire Magic
  7822 | D:6      | Identified the +0 plate armour "Diolohipp" {rPois rF+}
  7823 | D:6      | Noticed JaaP's ghost (novice MDMo)
  7824 | D:6      | Found a roughly hewn altar of Beogh.
  7998 | D:6      | Reached skill level 5 in Spellcasting
  7998 | D:6      | Reached XP level 9. HP: 42/50 MP: 9/16
  8346 | D:6      | Found a hide-covered altar of Uskayaw.
  8504 | D:6      | Found a staircase to the Ecumenical Temple.
  9132 | D:6      | Found a roughly hewn altar of Beogh.
  9516 | D:7      | Learned a level 4 spell: Iskenderun's Mystic Blast
  9579 | D:7      | Reached skill level 1 in Evocations
  9621 | D:7      | Found a shimmering altar of Xom.
  9721 | D:7      | Noticed Maurice
  9929 | D:7      | Reached * piety under Ashenzari
  9956 | D:7      | Killed Maurice
 10026 | D:7      | Found a radiant altar of Vehumet.
 10528 | D:7      | Reached XP level 10. HP: 56/56 MP: 10/19
 11060 | D:8      | Identified the ring of Iretuil {rPois Int+3}
 11174 | D:8      | Reached ** piety under Ashenzari
 11182 | D:8      | Learned a level 6 spell: Bombard
 11284 | D:8      | Noticed a boulder beetle
 11297 | D:8      | Killed a boulder beetle
 11855 | D:9      | Noticed an orange demon
 11869 | D:9      | Killed an orange demon
 11939 | D:9      | Noticed Pikel
 11941 | D:9      | Reached skill level 5 in Translocations
 11955 | D:9      | Killed Pikel
 11956 | D:9      | Reached skill level 5 in Earth Magic
 11959 | D:9      | Reached XP level 11. HP: 52/63 MP: 2/23
 12030 | D:9      | Noticed Amaemon
 12051 | D:9      | Killed Amaemon
 12134 | D:9      | Found a hazy altar of Hepliaklqana.
 12211 | D:9      | Noticed Prince Ribbit
 12216 | D:9      | Killed Prince Ribbit
 12359 | D:9      | Found a staircase to the Orcish Mines.
 12448 | D:9      | Reached *** piety under Ashenzari
 12542 | D:9      | Found Zeenujedd's Weapon Boutique.
 12589 | D:9      | Found an ancient bone altar of Kikubaaqudgha.
 12762 | D:10     | Entered Level 10 of the Dungeon
 13174 | D:10     | Found a staircase to the Lair.
 13240 | D:10     | Noticed a four-headed hydra
 13250 | D:10     | Killed a four-headed hydra
 13534 | D:10     | Noticed Sonja
 13539 | D:10     | Killed Sonja
 14237 | D:11     | Reached skill level 10 in Earth Magic
 14247 | D:11     | Reached XP level 12. HP: 68/68 MP: 21/26
 14662 | D:11     | Noticed Lodul
 14675 | D:11     | Killed Lodul
 14676 | D:11     | Reached skill level 1 in Shields
 14739 | D:11     | Reached **** piety under Ashenzari
 14805 | D:11     | Learned a level 4 spell: Dispel Undead
 14911 | Lair:1   | Entered Level 1 of the Lair of Beasts
 15035 | Lair:1   | Reached skill level 1 in Necromancy
 15642 | Lair:1   | Reached skill level 10 in Conjurations
 15919 | Lair:2   | Reached ***** piety under Ashenzari
 15966 | Lair:2   | Noticed a skyshark
 15981 | Lair:2   | Killed a skyshark
 15994 | Lair:2   | Reached skill level 1 in Armour
 16009 | Lair:2   | Reached XP level 13. HP: 76/78 MP: 9/29
 16558 | Lair:2   | Found a hole to the Spider Nest.
 17526 | Lair:3   | Found a staircase to the Swamp.
 17749 | Lair:3   | Learned a level 5 spell: Irradiate
 18253 | Lair:3   | Noticed Gastronok
 18549 | Lair:3   | Reached skill level 5 in Necromancy
 18732 | D:6      | Killed JaaP's ghost
 19421 | Lair:3   | Killed Gastronok
 19464 | Lair:3   | Found a staircase to the Swamp.
 20057 | Lair:4   | Reached skill level 1 in Long Blades
 20300 | Lair:4   | Reached skill level 5 in Fighting
 20300 | Lair:4   | Gained mutation: Your large and strong wings let you fly.
                  | [Gargoyle growth]
 20300 | Lair:4   | Reached XP level 14. HP: 87/87 MP: 9/32
 20472 | Lair:4   | Reached skill level 2 in Long Blades
 20585 | Lair:4   | Found the +4 skin of Zhor {*Englaciate rC+++ SInv}
 20871 | Lair:4   | Reached skill level 3 in Long Blades
 20902 | Lair:4   | Reached ****** piety under Ashenzari
 21132 | Lair:5   | Entered Level 5 of the Lair of Beasts
 21252 | Lair:5   | Reached skill level 1 in Throwing
 21481 | Lair:5   | Acquired Vehumet's Encyclopedia of Saltpetre
 21490 | Lair:5   | Learned a level 6 spell: Conjure Ball Lightning
 21900 | Lair:5   | Reached skill level 5 in Evocations
 22558 | Lair:5   | Found a corrupted altar of Lugonu.
 22558 | Lair:5   | Found a one-way gate to the infinite horrors of the Abyss.
 23044 | Lair:5   | Found a viscous altar of Jiyva.
 23044 | Lair:5   | Found a staircase to the Slime Pits.
 23222 | Orc:1    | Entered Level 1 of the Orcish Mines
 23235 | Orc:1    | Found Hefoen's Weapon Boutique.
 23276 | Orc:1    | Reached XP level 15. HP: 80/94 MP: 8/33
 23709 | Orc:1    | Found Ykolun's Antique Armour Emporium.
 23717 | Orc:1    | Bought a spiked leather armour for 210 gold pieces
 23717 | Orc:1    | Identified the +2 leather armour of the Dwarven Hall {Int+3
                  | Dex+4 Slay+3} (You bought it in a shop on level 1 of the
                  | Orcish Mines)
 23864 | Orc:2    | Entered Level 2 of the Orcish Mines
 24299 | Orc:2    | Reached skill level 5 in Air Magic
 24444 | Orc:2    | Found a staircase to the Elven Halls.
 24581 | Orc:2    | Found Toneuke's Antique Armour Shop.
 24663 | Orc:2    | Found Jaidghy's Armour Boutique.
 24716 | Orc:2    | Found Wuveumm's Book Boutique.
 24732 | Orc:2    | Found Jihor's Jewellery Shop.
 24789 | Orc:2    | Found a roughly hewn altar of Beogh.
 24966 | Orc:2    | Bought the +3 salamander hide armour {Flames, rFlCloud rF++
                  | rC--} for 724 gold pieces
 24966 | Orc:2    | Found the +3 salamander hide armour {Flames, rFlCloud rF++
                  | rC--}
 24999 | Orc:2    | Bought the ring "Myqimno" {Ice Will++} for 644 gold pieces
 25024 | Orc:2    | Bought a book of the Spheres for 704 gold pieces
 25024 | Orc:2    | Bought Maxwell's Memoranda for 418 gold pieces
 25030 | Orc:2    | Learned a level 5 spell: Fireball
 25038 | Orc:2    | Learned a level 5 spell: Arcjolt
 25693 | D:12     | Noticed a storm dragon
 25696 | D:12     | Killed a storm dragon
 25861 | D:12     | Noticed a shadow dragon
 25867 | D:12     | Killed a shadow dragon
 26044 | D:12     | Reached skill level 5 in Shields
 26375 | D:13     | Noticed Azrael
 26514 | D:13     | Killed Azrael
 26939 | D:13     | Found an ornate altar of the Wu Jian Council.
 26953 | D:13     | Noticed Kirke
 26962 | D:13     | Killed Kirke
 27197 | D:14     | Found a gate to the Vaults.
 27342 | D:14     | Reached XP level 16. HP: 47/100 MP: 15/34
 27957 | D:14     | Reached skill level 10 in Spellcasting
 28286 | D:15     | Entered Level 15 of the Dungeon
 28302 | D:15     | Noticed Josephine
 28308 | D:15     | Killed Josephine
 28710 | D:15     | Identified the +4 long sword of Contradiction {freeze,
                  | +Blink rElec Dex-2 Stlth+}
 29308 | D:15     | Found a staircase to the Depths.
 29588 | D:15     | Found a staircase to the Depths.
 30223 | Swamp:1  | Entered Level 1 of the Swamp
 30450 | Swamp:1  | Acquired a +0 helmet of intelligence
 30480 | Swamp:1  | Found a transporter.
 30569 | Swamp:1  | Found a transporter.
 30569 | Swamp:1  | Identified the ring of Uheek {rElec rF+ MP+9 Int+3}
 30569 | Swamp:1  | Identified the +2 pair of boots of Tir Nongog {^Contam
                  | rC++}
 31150 | Swamp:2  | Reached skill level 5 in Dodging
 31173 | Swamp:2  | Noticed Roxanne
 31332 | Swamp:2  | Identified the +1 scale mail of a sewer {rPois rC+ Dex+4}
 31383 | Swamp:2  | Noticed a tentacled monstrosity
 31392 | Swamp:2  | Killed a tentacled monstrosity
 31917 | Swamp:2  | Learned a level 7 spell: Orb of Destruction
 31926 | Swamp:2  | Killed Roxanne
 32267 | Swamp:3  | Reached XP level 17. HP: 108/108 MP: 31/36
 32437 | Swamp:3  | Noticed a tentacled monstrosity
 32448 | Swamp:3  | Killed a tentacled monstrosity
 33646 | Swamp:4  | Entered Level 4 of the Swamp
 34002 | Swamp:4  | Reached skill level 10 in Fire Magic
 34293 | Swamp:4  | Noticed the 27-headed Lernaean hydra
 34522 | Swamp:4  | Killed the 27-headed Lernaean hydra
 34628 | Swamp:4  | Got a decaying rune of Zot
 35226 | Spider:1 | Entered Level 1 of the Spider Nest
 35577 | Spider:1 | Reached skill level 1 in Staves
 35887 | Spider:1 | Reached XP level 18. HP: 118/120 MP: 28/39
 36211 | Spider:1 | Identified the +1 hand axe of the Shifting Gods {holy,
                  | *Rage rC+ Will+ Str+3}
 36445 | Spider:1 | Noticed Nikola
 36451 | Spider:1 | Killed Nikola
 36699 | Spider:2 | Noticed Asterion
 36704 | Spider:2 | Killed Asterion
 37134 | Spider:2 | Reached skill level 5 in Armour
 37784 | Spider:2 | Found a runed translucent door.
 38058 | Spider:2 | Noticed Marig's ghost (adept TrSh)
 38058 | Spider:2 | Identified the staff of Causality {rPois Conj Alchemy}
 38068 | Spider:2 | Killed Marig's ghost
 38535 | Spider:3 | Noticed Donald
 38547 | Spider:3 | Killed Donald
 38963 | Spider:3 | Noticed Lanoc's ghost (adept CoCK)
 38982 | Spider:3 | Found a transporter.
 38985 | Spider:3 | Found a transporter.
 39009 | Spider:3 | Noticed Mlioglotl
 39016 | Spider:3 | Killed Mlioglotl
 39353 | Spider:3 | Reached skill level 10 in Fighting
 39863 | Spider:3 | Killed Lanoc's ghost
 39864 | Spider:3 | Reached skill level 5 in Alchemy
 39864 | Spider:3 | Reached XP level 19. HP: 61/127 MP: 29/41
 40141 | Spider:4 | Entered Level 4 of the Spider Nest
 40792 | Spider:4 | Reached skill level 5 in Throwing
 41622 | Spider:4 | Found a runed translucent door.
 41623 | Spider:4 | Found a shimmering altar of Xom.
 41623 | Spider:4 | Identified the +5 bardiche of the Hierophant {chaos, *Rage
                  | rElec rPois rF-}
 41623 | Spider:4 | Noticed MackTheKnife's ghost (adept CoGl)
 41639 | Spider:4 | Killed MackTheKnife's ghost
 42012 | Spider:4 | Got a gossamer rune of Zot
 42125 | Spider:4 | Learned a level 8 spell: Maxwell's Capacitive Coupling
 42360 | Elf:1    | Entered Level 1 of the Elven Halls
 42751 | Elf:1    | Paralysed by an air elemental for 1 turns
 42878 | Elf:1    | Found The Oracle's Delphic Readings.
 42891 | Elf:1    | Bought a scroll of teleportation for 54 gold pieces
 42966 | Elf:1    | Reached skill level 5 in Staves
 43291 | Elf:1    | Found a shimmering blue altar of Sif Muna.
 43665 | Elf:2    | Paralysed by an air elemental for 1 turns
 43669 | Elf:2    | Paralysed by an air elemental for 1 turns
 44194 | Elf:2    | Found a runed translucent gate.
 44199 | Elf:2    | Found a runed translucent gate.
 44202 | Elf:2    | Found a runed translucent gate.
 44475 | Elf:2    | Reached XP level 20. HP: 122/134 MP: 43/43
 44535 | Elf:2    | Learned a level 6 spell: Plasma Beam
 45305 | Elf:3    | Entered Level 3 of the Elven Halls
 45405 | Elf:3    | Found Buthosme's CLEARANCE SALE!.
 45434 | Elf:3    | Bought a scroll of butterflies for 4 gold pieces
 45555 | Elf:3    | Reached skill level 10 in Air Magic
 45875 | Elf:3    | Identified the +0 leather armour of Servitude {-Tele Will+
                  | Stlth+}
 46346 | Elf:3    | Identified the ring of Lyir {rElec rN+ Int+6}
 46394 | Elf:3    | Identified the +2 broad axe of Zin's Delight {flame,
                  | +Blink}
 46700 | Elf:3    | Identified the ring "Juemif" {Will+ Str+3}
 46701 | Elf:3    | Identified the +0 robe "Laxakhle" {Will+ Int+4}
 46840 | Elf:3    | Identified the staff of Jiqizxer {rC+ Dex+4 Ice}
 47287 | Vaults:1 | Entered Level 1 of the Vaults
 47357 | Vaults:1 | Found Xovuergh's Antique Weapon Shop.
 47409 | Vaults:1 | Identified the +2 helmet of the Eternal Void {rElec rN+
                  | Will-}
 47685 | Vaults:1 | Reached skill level 15 in Fire Magic
 47727 | Vaults:1 | Reached XP level 21. HP: 136/136 MP: 31/44
 47864 | Vaults:1 | Identified the ring "Zeintih" {rElec rF- rCorr EV+5 Int+7}
 48926 | Vaults:2 | Reached skill level 10 in Evocations
 49167 | Vaults:2 | Reached skill level 5 in Stealth
 49311 | Vaults:2 | Reached skill level 4 in Long Blades
 49517 | Vaults:2 | Reached skill level 5 in Long Blades
 49930 | Vaults:2 | Reached skill level 6 in Long Blades
 50124 | Vaults:2 | Reached skill level 7 in Long Blades
 50917 | Spider:2 | Learned a level 3 spell: Passwall
 51076 | Swamp:3  | Learned a level 8 spell: Lehudib's Crystal Spear
 51441 | Vaults:3 | Identified the +3 scale mail "Wekafies" {+Inv Stlth+}
 51471 | Vaults:3 | Reached skill level 8 in Long Blades
 51552 | Vaults:3 | Found a staircase to the Crypt.
 51767 | Vaults:3 | Reached XP level 22. HP: 122/147 MP: 40/47
 52300 | Vaults:3 | Reached skill level 15 in Conjurations
 52300 | Vaults:3 | Noticed Margery
 52313 | Vaults:3 | Reached skill level 9 in Long Blades
 52414 | Vaults:3 | Killed Margery
 52468 | Vaults:3 | Identified the +3 whip "Cosche" {protect, rF- rC+ Str+3}
 52920 | Vaults:4 | Noticed a golden dragon
 52924 | Vaults:4 | Killed a golden dragon
 52956 | Vaults:4 | Found Himafata's Book Boutique.
 53021 | Vaults:4 | Reached skill level 10 in Long Blades
 53122 | Vaults:4 | Noticed Zenata
 53127 | Vaults:4 | Killed Zenata
 54421 | Crypt:1  | Entered Level 1 of the Crypt
 54855 | Crypt:3  | Entered Level 3 of the Crypt
 54919 | Crypt:3  | Found an ancient bone altar of Kikubaaqudgha.
 54919 | Crypt:3  | Identified the +1 robe of Beomuxo {Harm}
 54933 | Crypt:3  | Reached XP level 23. HP: 134/152 MP: 30/48
 55214 | Crypt:3  | Noticed Mennas
 55236 | Crypt:3  | Killed Mennas
 55237 | Crypt:3  | Reached skill level 11 in Long Blades
 55294 | Crypt:3  | Noticed Khufu
 55400 | Crypt:3  | Killed Khufu
 55524 | Crypt:3  | Found a staircase to the Tomb.
 55531 | Crypt:3  | Got an ivory gem with 708 turns to spare
 55646 | Crypt:3  | Identified the +3 ring mail of the Moon {Int+2}
 55729 | Crypt:3  | Identified the +0 helmet "Tamm" {Regen+ Slay+3}
 55993 | Crypt:3  | Identified the Book of Exhumation
 56710 | Crypt:2  | Found a basalt altar of Yredelemnul.
 57903 | Crypt:1  | Noticed Xtahua
 57908 | Crypt:1  | Killed Xtahua
 57972 | Crypt:1  | Identified the +10 quarterstaff of Abomination {heavy,
                  | rPois Will- Dex+3}
 58311 | Vaults:4 | Bought an Everburning Encyclopedia for 836 gold pieces
 58320 | Vaults:4 | Learned a level 8 spell: Ignition
 58358 | Vaults:5 | Entered Level 5 of the Vaults
 58506 | Vaults:5 | Identified the staff of the Vaults {rC+ Int+3 Earth}
 58760 | Vaults:5 | Reached skill level 12 in Long Blades
 58760 | Vaults:5 | Reached XP level 24. HP: 145/157 MP: 38/49
 58891 | Vaults:5 | Reached skill level 15 in Air Magic
 59057 | Vaults:5 | Noticed an ancient lich
 59061 | Vaults:5 | Killed an ancient lich
 59258 | Vaults:5 | Identified the +1 mace "Grum" {freeze, rC+ SInv}
 59532 | Vaults:5 | Identified the +4 halberd of Hacking and Slashing {pain,
                  | Int+6}
 59716 | Vaults:5 | Reached skill level 13 in Long Blades
 59862 | Vaults:5 | Identified the +7 chain mail of Gravity {rF+++ rCorr Dex-5}
 60124 | Vaults:5 | Got a silver rune of Zot
 60318 | Vaults:5 | Identified the +4 scale mail of Marbles {rElec rPois rC+
                  | Str-5}
 60318 | Vaults:5 | Identified the Discourse on the Flinty Beaker
 60735 | Depths:1 | Entered Level 1 of the Depths
 60868 | Depths:1 | Identified the +3 morningstar of Defiance {freeze, ^Fragile
                  | Int+2 SInv Stlth+}
 60870 | Depths:1 | Identified the maw talisman of the Unbroken {Int+6}
 60879 | Depths:1 | Found a gateway to Hell.
 61038 | Depths:1 | Found Guwnytry's Antique Weapon Boutique.
 61039 | Depths:1 | Found Keyta's Magic Scroll Boutique.
 61039 | Depths:1 | Found Hagido's Armour Shop.
 61042 | Depths:1 | Found Muirph's Distillery.
 61047 | Depths:1 | Bought a scroll of vulnerability for 64 gold pieces
 61047 | Depths:1 | Bought a scroll of teleportation for 48 gold pieces
 61047 | Depths:1 | Bought a scroll of blinking for 120 gold pieces
 61047 | Depths:1 | Bought a scroll of teleportation for 48 gold pieces
 61050 | Depths:1 | Bought a potion of curing for 48 gold pieces
 61050 | Depths:1 | Bought a potion of heal wounds for 80 gold pieces
 61050 | Depths:1 | Bought a potion of might for 64 gold pieces
 61050 | Depths:1 | Bought a potion of enlightenment for 80 gold pieces
 61050 | Depths:1 | Bought a potion of curing for 48 gold pieces
 61050 | Depths:1 | Bought a potion of heal wounds for 80 gold pieces
 61050 | Depths:1 | Bought a potion of curing for 48 gold pieces
 61053 | Depths:1 | Bought a +2 cloak of preservation for 494 gold pieces
 61053 | Depths:1 | Bought the +2 pair of gloves of Ewkeg {Dex+4} for 687 gold
                  | pieces
 61237 | Depths:1 | Found a corrupted altar of Lugonu.
 61253 | Depths:1 | Found a one-way gateway to a ziggurat.
 61637 | Depths:2 | Identified the +4 robe "Nam Pyoh" {Harm Rampage Int+3}
 61637 | Depths:2 | Noticed Boris
 61641 | Depths:2 | Killed Boris
 61822 | Depths:2 | Reached skill level 14 in Long Blades
 62375 | Depths:2 | Found a one-way gate leading to the halls of Pandemonium.
 63008 | Depths:2 | Reached XP level 25. HP: 158/158 MP: 47/47
 63462 | Depths:2 | Identified the Secrets of Transposed Incandescence
 63465 | Depths:2 | Identified the staff of Osix {rF+ rN+ Conj Fire}
 63784 | Depths:3 | Noticed Grunn
 63788 | Depths:3 | Reached skill level 15 in Long Blades
 63946 | Depths:3 | Killed Grunn
 64512 | Depths:3 | Reached skill level 16 in Long Blades
 64856 | Depths:4 | Entered Level 4 of the Depths
 65106 | Depths:4 | Reached skill level 17 in Long Blades
 65284 | Depths:4 | Found a gate to the Realm of Zot.
 65934 | Zot:1    | Entered Level 1 of the Realm of Zot
 66212 | Zot:2    | Reached skill level 18 in Long Blades
 66790 | Zot:3    | Reached XP level 26. HP: 112/164 MP: 5/47
 67243 | Zot:2    | Noticed an orb of fire
 67252 | Zot:2    | Gained mutation: You occasionally lose the ability to read
                  | scrolls when taking damage. [an orb of fire]
 67252 | Zot:2    | Gained mutation: Your magical capacity is low. (-10% MP)
                  | [an orb of fire]
 67253 | Zot:2    | Killed an orb of fire
 67254 | Zot:2    | Lost mutation: Your magical capacity is low. (-10% MP)
                  | [potion of mutation]
 67254 | Zot:2    | Lost mutation: You occasionally lose the ability to read
                  | scrolls when taking damage. [potion of mutation]
 67254 | Zot:2    | Gained mutation: You have sharp toenails. [potion of
                  | mutation]
 67254 | Zot:2    | Gained mutation: You expend magic power (3 MP) to
                  | strengthen your wands. [potion of mutation]
 67644 | Zot:3    | Reached skill level 19 in Long Blades
 67740 | Zot:3    | Identified the +1 glaive of an ice cave {chaos, MP+9 Int+2}
 67820 | Zot:2    | Noticed a dread lich
 67827 | Zot:2    | Killed a dread lich
 67832 | Zot:2    | Noticed a dread lich
 67839 | Zot:2    | Killed a dread lich
 68101 | Zot:3    | Identified the +9 dire flail of Destruction {chaos, rN++
                  | Str+2}
 68101 | Zot:3    | Identified the +1 hand cannon of the Blowfly {chaos, *Slow
                  | Dex+6}
 68101 | Zot:3    | Identified the +1 robe of Uleotwu {rN+ Slay+2}
 68101 | Zot:3    | Noticed a Killer Klown
 68296 | Zot:3    | Noticed a Killer Klown
 68300 | Zot:3    | Killed a Killer Klown
 68565 | Zot:3    | Found a large runed translucent door.
 68586 | Zot:3    | Killed a Killer Klown
 68598 | Zot:3    | Identified the +9 dire flail of the Hammering Fool {chaos,
                  | Fly}
 68598 | Zot:3    | Identified the +4 hand cannon "Baexek" {chaos, ^Drain Fly
                  | rPois rN+}
 68598 | Zot:3    | Identified the +1 robe of the Amoeba {Rampage Stlth+}
 68621 | Zot:3    | Found a large runed translucent door.
 68622 | Zot:3    | Found a large runed translucent door.
 68622 | Zot:3    | Found a shimmering altar of Xom.
 68625 | Zot:3    | Reached skill level 20 in Long Blades
 68659 | Zot:3    | Found a large runed translucent door.
 68659 | Zot:3    | Found a large runed translucent door.
 68659 | Zot:3    | Found a large runed translucent door.
 68662 | Zot:3    | Found a large runed translucent door.
 68662 | Zot:3    | Found a large runed translucent door.
 68662 | Zot:3    | Identified the +1 ring mail "Jyemm" {rN+ Slay+6}
 68667 | Zot:3    | Identified the +7 great sword of Debt {chaos, rPois Will+++
                  | rCorr Dex-2}
 68667 | Zot:3    | Identified the +0 scale mail of the Spheres {rC++}
 68734 | Zot:3    | Noticed a Killer Klown
 68908 | Zot:3    | Killed a Killer Klown
 69105 | Zot:3    | Identified the +10 hand axe of Action {spect, *Noise rC++
                  | Stlth+}
 69173 | Zot:3    | Noticed a Killer Klown
 69177 | Zot:3    | Killed a Killer Klown
 70708 | Zot:5    | Entered Level 5 of the Realm of Zot
 70746 | Zot:5    | Identified the +1 sling "Noimiosk" {elec, rElec Str+2}
 70795 | Zot:5    | Found a runed translucent door.
 70796 | Zot:5    | Noticed Doacwiki's ghost (veteran MiMo)
 70965 | Zot:5    | Reached skill level 21 in Long Blades
 71211 | Zot:5    | Noticed an ancient lich
 71217 | Zot:5    | Killed an ancient lich
 71277 | Zot:5    | Noticed a Killer Klown
 71281 | Zot:5    | Noticed an orb of fire
 71282 | Zot:5    | Noticed an orb of fire
 71286 | Zot:5    | Gained mutation: You are frail. (-10% HP) [an orb of fire]
 71288 | Zot:5    | Gained mutation: You are very frail. (-20% HP) [an orb of
                  | fire]
 71289 | Zot:5    | Killed an orb of fire
 71295 | Zot:5    | Killed an orb of fire
 71299 | Zot:5    | Killed a Killer Klown
 71358 | Zot:5    | Noticed an orb of fire
 71362 | Zot:5    | Killed an orb of fire
 71823 | Zot:5    | Noticed an orb of fire
 71828 | Zot:5    | Killed an orb of fire
 71829 | Zot:5    | Reached XP level 27. HP: 124/140 MP: 49/49
 71869 | Zot:4    | Learned a level 5 spell: Yara's Violent Unravelling
 71907 | Zot:5    | Noticed an ancient lich
 71920 | Zot:5    | Killed an ancient lich
 71921 | Zot:5    | Noticed an ancient lich
 71929 | Zot:5    | Killed an ancient lich
 71930 | Zot:5    | Reached skill level 1 in Hexes
 72275 | Zot:5    | Killed Doacwiki's ghost
 72451 | Zot:5    | Noticed an orb of fire
 72455 | Zot:5    | Killed an orb of fire
 72464 | Zot:5    | Noticed an orb of fire
 72465 | Zot:5    | Gained mutation: You are clumsy. (Dex -2) [an orb of fire]
 72468 | Zot:5    | Killed an orb of fire
 72717 | Zot:5    | Noticed a dread lich
 72723 | Zot:5    | Killed a dread lich
 72876 | Zot:5    | Noticed an orb of fire
 72881 | Zot:5    | Killed an orb of fire
 73070 | Zot:5    | Lost mutation: You are clumsy. (Dex -2) [potion of
                  | mutation]
 73070 | Zot:5    | Lost mutation: You expend magic power (3 MP) to strengthen
                  | your wands. [potion of mutation]
 73070 | Zot:5    | Lost mutation: You have sharp toenails. [potion of
                  | mutation]
 73070 | Zot:5    | Gained mutation: You possess an exceptional clarity of
                  | mind. [potion of mutation]
 73070 | Zot:5    | Gained mutation: You are agile. (Dex +4, Str/Int -1)
                  | [potion of mutation]
 73070 | Zot:5    | Gained mutation: You have hidden genetic potential. [potion
                  | of mutation]
 73071 | Zot:5    | Lost mutation: You have hidden genetic potential. [potion
                  | of mutation]
 73071 | Zot:5    | Lost mutation: You are very frail. (-20% HP) [potion of
                  | mutation]
 73071 | Zot:5    | Lost mutation: You possess an exceptional clarity of mind.
                  | [potion of mutation]
 73071 | Zot:5    | Gained mutation: You have a somewhat thin skeletal
                  | structure. (Dex +2, Stealth+) [potion of mutation]
 73071 | Zot:5    | Gained mutation: You expend magic power (3 MP) to
                  | strengthen your wands. [potion of mutation]
 73071 | Zot:5    | Gained mutation: You sometimes lose your temper in combat.
                  | [potion of mutation]
 73072 | Zot:5    | Lost mutation: You sometimes lose your temper in combat.
                  | [potion of mutation]
 73072 | Zot:5    | Lost mutation: You have a somewhat thin skeletal structure.
                  | (Dex +2, Stealth+) [potion of mutation]
 73072 | Zot:5    | Gained mutation: Your flesh is heat resistant. (rF+)
                  | [potion of mutation]
 73073 | Zot:5    | Lost mutation: You are frail. (-10% HP) [potion of
                  | mutation]
 73073 | Zot:5    | Lost mutation: Your flesh is heat resistant. (rF+) [potion
                  | of mutation]
 73073 | Zot:5    | Gained mutation: You passively map a small area around you.
                  | [potion of mutation]
 73073 | Zot:5    | Lost mutation: You passively map a small area around you.
                  | [potion of mutation]
 73493 | Zot:5    | Noticed an orb of fire
 73494 | Zot:5    | Gained mutation: Your health recovers twice as slowly from
                  | being drained. [an orb of fire]
 73497 | Zot:5    | Gained mutation: You occasionally lose the ability to read
                  | scrolls when taking damage. [an orb of fire]
 73497 | Zot:5    | Gained mutation: You occasionally lose the ability to drink
                  | potions when taking damage. [an orb of fire]
 73498 | Zot:5    | Killed an orb of fire
 73830 | Zot:5    | Identified the +7 quarterstaff of Xauc {drain, Int+2 Dex+6}
 74122 | Zot:5    | Lost mutation: You expend magic power (3 MP) to strengthen
                  | your wands. [potion of mutation]
 74122 | Zot:5    | Lost mutation: You occasionally lose the ability to drink
                  | potions when taking damage. [potion of mutation]
 74122 | Zot:5    | Gained mutation: Armour fits poorly on your strangely
                  | shaped body. [potion of mutation]
 74122 | Zot:5    | Gained mutation: You have sharp toenails. [potion of
                  | mutation]
 74122 | Zot:5    | Gained mutation: You are partially covered in iridescent
                  | scales. (AC +2) [potion of mutation]
 74122 | Zot:5    | Gained mutation: You expend magic power (3 MP) to
                  | strengthen your wands. [potion of mutation]
 74123 | Zot:5    | Lost mutation: You have sharp toenails. [potion of
                  | mutation]
 74123 | Zot:5    | Lost mutation: You occasionally lose the ability to read
                  | scrolls when taking damage. [potion of mutation]
 74123 | Zot:5    | Gained mutation: You occasionally lose the ability to drink
                  | potions when taking damage. [potion of mutation]
 74123 | Zot:5    | Lost mutation: Armour fits poorly on your strangely shaped
                  | body. [potion of mutation]
 74124 | Zot:5    | Lost mutation: You occasionally lose the ability to drink
                  | potions when taking damage. [potion of mutation]
 74124 | Zot:5    | Lost mutation: You are agile. (Dex +4, Str/Int -1) [potion
                  | of mutation]
 74124 | Zot:5    | Lost mutation: You are partially covered in iridescent
                  | scales. (AC +2) [potion of mutation]
 74124 | Zot:5    | Gained mutation: You passively map a small area around you.
                  | [potion of mutation]
 74124 | Zot:5    | Gained mutation: You passively dampen the noise of your
                  | surroundings. [potion of mutation]
 74158 | Zot:5    | Got the Orb of Zot
 74324 | Depths:2 | Noticed Murunuce the pandemonium lord
 74692 | D:1      | Noticed a seraph
 74701 | D:1      | Killed a seraph
 74718 | D:1      | Noticed an ancient lich
 74724 | D:$      | Escaped with the Orb!

Illustrated notes

Levels and vault maps discovered:
D:1:      minmay_arrival_stair_chambers, layout_rooms
D:2:      layout_loops_ring, basic_altar, uniq_natasha
D:3:      layout_rooms, serial_shops, nicolae_shop_waterfront,
          shapermc_ecumenical_altar_mp_ritualfount
D:4:      nicolae_cairo_tiling_very_big, layout_loops_ring, minivault_23
D:5:      layout_cave_pools, tso_oasis_becter
D:6:      kennysheep_housing_project, layout_cave_pods, lemuel_tele_altar,
          minmay_temple_entry_glass, biasface_ghost_orc_armoury
D:7:      layout_cave_pools, mainiacjoe_overflow_surrounded_room,
          vehumet_crystals, st_stairs_11, uniq_maurice
D:8:      layout_gridville
D:9:      layout_loops_cross, kennysheep_little_box,
          worldfamousw_hep_ancestral_shrine,
          kennysheep_orc_monster_closet_entryway, serial_shops,
          nicolae_shop_back_alley_shop, uniq_pikel, uniq_prince_ribbit1,
          uniq_amaemon
D:10:     layout_roguey, hellmonk_lair_entry_icy, glass_columns_a,
          amcnicky_mini_pool_small, uniq_sonja
D:11:     layout_stronghold, uniq_lodul
D:12:     minmay_chopped_fan, layout_basic
D:13:     layout_big_octagon, nzn_wu_jian_council_hall, uniq_azrael, uniq_kirke
D:14:     layout_cave_pools, hellmonk_vaults_order_and_chaos,
          kennysheep_another_room
D:15:     grunt_enter_depths_magical_seal, layout_gridville,
          minmay_misc_feat_alley, uniq_josephine
Temple:   compressed_dpeg_triangle_lava_temple
Lair:1:   layout_long_grid, lemuel_fruit_tree
Lair:2:   layout_cave_pods, spider_nest_entry_rubble, minivault_19,
          grunt_megastairs_2
Lair:3:   layout_roguey, swamp_mist_pool, beast_lair_carwin_5,
          grunt_megastairs_3, uniq_gastronok
Lair:4:   layout_cave_shapes, special_room [special_room_bee],
          hellmonk_guarded_unrand_zhor
Lair:5:   hellmonk_lair_end_abyssal_woods, layout_cave_pods,
          dpeg_slime_entry_enclosed, minmay_stone_trees_large,
          lemuel_old_faithful
Swamp:1:  gammafunk_worm_tunnel, layout_basic_swamp,
          nicolae_swamp_ascending_descending
Swamp:2:  layout_basic_swamp, serial_swamp_ruin, evilmike_swamp_ruin_house_4,
          evilmike_swamp_ruin_house_5, swamp_pool_4, nicolae_swamp_snake_nest,
          uniq_roxanne
Swamp:3:  nicolae_swamp_standing_stones, layout_basic_swamp
Swamp:4:  swamp, layout_basic_swamp, nicolae_swamp_super_fun_site
Spider:1: layout_cave_pods, nicolae_spider_bzzzt, uniq_nikola
Spider:2: layout_spider_delve, ebering_ghost_reflecting_pool, worms_lemuel,
          uniq_asterion
Spider:3: layout_chambers, gammafunk_ghost_mausoleum, uniq_mlioglotl,
          uniq_donald
Spider:4: hellmonk_spider_rune_endless_swarm, ebering_ghost_xom,
          hangedman_spider_tarantella_strand
Orc:1:    layout_caves, serial_shops, nicolae_shop_rolling_square, shop
Orc:2:    st_orc_town, layout_diamond_mine
Elf:1:    layout_geoelf_diagonals, guppyfry_elf_altar,
          nicolae_nh_oracle_at_delphi
Elf:2:    elven_hall_of_blades_hangedman_original
          [infiniplex_blade_entry_pillars], layout_loops_corners,
          serial_sigils_hangedman_writhe, minivault_14
Elf:3:    grunt_elf_hall_asides, layout_loops_cross, nicolae_shop_clearance
Vaults:1: v_rooms_4, st_hourglassy, v_misc_12, v_misc_26, v_misc_25,
          nicolae_vaults_little_squares_2, nicolae_vaults_big_angled_halls,
          vaults_dpeg_ring, vaults_room_octagon, nicolae_vaults_ninety_degrees,
          nicolae_vaults_circle_grid_b, hangedman_vaults_maws,
          nicolae_vaults_tangram_1, nicolae_vaults_tetromino_T_1,
          layout_vaults_maze, serial_shops, shop
Vaults:2: nicolae_vaults_trapezoid_lopsided_1, hangedman_vaults_pinch,
          v_pattern_1, ontoclasm_vaults_spin, nicolae_vaults_wine_cellar,
          nicolae_vaults_angled_halls, nicolae_vaults_diamond_1,
          nicolae_vaults_apartment_2, layout_vaults_chaotic_city
Vaults:3: minmay_crypt_entry_simple_walls, vaults_dpeg_cross,
          nicolae_vaults_network_barrier, ontoclasm_vaults_loading_screen,
          nicolae_vaults_steering_wheel, v_misc_30, ontoclasm_vaults_ring_large,
          nicolae_vaults_offset_grid_hallway_2, nicolae_vaults_more_shelving_1,
          v_rooms_5, nicolae_vaults_tetromino_Z_1,
          hangedman_vaults_stretched_pinwheel, nicolae_vaults_little_squares_6,
          hangedman_vaults_snaps, layout_vaults_omnibox, uniq_margery
Vaults:4: nicolae_vaults_little_squares_1, nicolae_vaults_little_squares_4,
          st_spiral_rooms, vaults_mumra_minichess_inversion,
          nicolae_vaults_closet_pinwheel_1, vaults_dpeg_encased_lava, v_misc_27,
          layout_vaults_quadrants, serial_shops, nicolae_shop_mannequins,
          uniq_zenata
Vaults:5
Crypt:1:  layout_chaotic_city, nicolae_crypt_little_mausoleum, uniq_xtahua
Crypt:2:  layout_catacombs, weyrava_vampire_temple, grunt_megastairs_5
Crypt:3:  grunt_crypt_end_deaths_head, uniq_mennas
Depths:1: layout_cave_shapes, enter_ziggurat_f, skrybe_limestone_x,
          grunt_mini_vestibule, abyss_entry_flame_altar,
          hangedman_decor_opposing, bh_walls_and_bars, minmay_shoptagon
Depths:2: minmay_the_grid_triangle_9x9_recursive_3
          [minmay_the_grid_triangle_9x9_windchime,
          minmay_the_grid_triangle_9x9_semitri,
          minmay_the_grid_triangle_9x9_dagger,
          minmay_the_grid_triangle_9x9_prize_schism,
          minmay_the_grid_triangle_9x9_swiss_cheese,
          minmay_the_grid_triangle_9x9_steps,
          minmay_the_grid_triangle_9x9_longest,
          minmay_the_grid_triangle_9x9_zippers_horizontal,
          minmay_the_grid_triangle_9x9_empty], layout_basic, pan_entry,
          pf_hell_entry_great_geh, minmay_holes, uniq_boris
Depths:3: dreamdust_hydra_shepherd, layout_cave_pools, nicolae_the_louvre,
          abyss_entry, hell_entry, infiniplex_staircase_spiral_double,
          uniq_grunn, uniq_josephina
Depths:4: grunt_zot_entry_tricorne, layout_cave_shapes, abandoned_shop,
          grunt_hell_entry_dis_old
Zot:1:    gammafunk_mikee_crab_dinner, layout_basic,
          regret_index_zotdec_golden_two_three
Zot:2:    hellmonk_paralyzer, layout_basic
Zot:3:    layout_misc_corridors, hangedman_xom_zot_hilarity
Zot:4:    layout_gridlike, regret_index_zotdec_twisting_globes
Zot:5:    layout_twisted_circle, ebering_ghost_inner_flame

Skill      XL: |  1  2  3  4  5  6  7  8  9 10 11 12 13 14 15 16 17 18 19 20 21 22 23 24 25 26 27 |
---------------+----------------------------------------------------------------------------------+-----
Conjurations   | 2 3 4 5 8 9 10 11 12 13 14 16 17 18 | 18.0
Summonings     | 1 |  1.0
Translocations | 1 3 5 7 |  7.0
Fighting       | 1 2 3 4 5 6 7 8 9 10 11 12 | 12.4
Air Magic      | 1 2 3 4 5 6 7 8 9 11 12 13 14 16 17 | 17.1
Alchemy        | 1 2 3 4 5 6 7 8 |  8.6
Spellcasting   | 4 5 6 7 8 9 10 11 13 14 | 14.5
Fire Magic     | 1 6 7 9 10 11 12 15 | 15.0
Evocations     | 2 3 5 6 7 8 9 10 | 10.4
Earth Magic    | 5 10 12 13 14 | 14.9
Shields        | 3 4 5 6 |  6.4
Necromancy     | 2 5 6 7 |  7.3
Armour         | 1 2 4 5 6 |  6.4
Dodging        | 2 3 4 5 6 7 |  7.4
Long Blades    | 1 3 8 10 12 14 18 21 | 21.6
Throwing       | 1 3 4 5 6 |  6.0
Staves         | 1 3 5 6 9 |  9.5
Stealth        | 5 6 8 |  8.9
Hexes          | 4 |  4.6

Action                     |  1- 3 |  4- 6 |  7- 9 | 10-12 | 13-15 | 16-18 | 19-21 | 22-24 | 25-27 || total
---------------------------+-------+-------+-------+-------+-------+-------+-------+-------+-------++-------
  Melee: Dagger            |    20 |     3 |       |       |       |       |       |       |       ||    23
         Spear             |       |     6 |       |       |       |       |       |       |       ||     6
         Hand axe          |       |    24 |    52 |    89 |    40 |       |       |       |       ||   205
         Staff             |       |       |       |       |     4 |     8 |    10 |    28 |     5 ||    55
  Throw: Dart              |       |     1 |       |       |       |       |       |       |       ||     1
   Cast: Magic Dart        |    71 |   121 |   203 |    98 |    45 |     5 |       |       |       ||   543
         Mephitic Cloud    |       |     4 |    12 |    36 |     5 |       |       |       |       ||    57
         Call Imp          |       |     2 |     6 |       |       |       |       |       |       ||     8
         Scorch            |       |       |   109 |   240 |    50 |       |       |       |       ||   399
         Iskenderun's Myst |       |       |       |     8 |     7 |     4 |    15 |     7 |     9 ||    50
         Bombard           |       |       |       |    32 |   107 |     9 |    17 |       |       ||   165
         Irradiate         |       |       |       |       |    79 |    40 |    31 |    22 |    15 ||   187
         Conjure Ball Ligh |       |       |       |       |   100 |    17 |    15 |       |       ||   132
         Fireball          |       |       |       |       |    49 |   444 |   181 |     3 |     4 ||   681
         Arcjolt           |       |       |       |       |    15 |    51 |     5 |    42 |     5 ||   118
         Orb of Destructio |       |       |       |       |       |    24 |    19 |       |       ||    43
         Dispel Undead     |       |       |       |       |       |     5 |     3 |       |     5 ||    13
         Plasma Beam       |       |       |       |       |       |       |   295 |   371 |   412 ||  1078
         Lehudib's Crystal |       |       |       |       |       |       |     1 |     1 |     3 ||     5
         Maxwell's Capacit |       |       |       |       |       |       |       |     8 |    27 ||    35
         Ignition          |       |       |       |       |       |       |       |    24 |    29 ||    53
         Blink             |       |       |       |       |       |       |       |       |     1 ||     1
 Invoke: Curse Item        |       |       |     2 |     6 |     5 |     5 |     1 |     1 |     3 ||    23
         Shatter the Chain |       |       |       |       |     4 |     4 |     1 |     3 |     1 ||    13
  Evoke: Wand              |       |       |       |     4 |     1 |     1 |       |     2 |     4 ||    12
         Gell's gravitambo |       |       |       |       |       |     5 |     1 |     2 |     4 ||    12
         Condenser vane    |       |       |       |       |       |     2 |     1 |       |       ||     3
         Lightning rod     |       |       |       |       |       |       |     6 |     8 |    13 ||    27
    Use: Potion            |     1 |       |       |       |       |       |       |     4 |    12 ||    17
         Scroll            |       |       |     6 |     1 |     5 |     4 |     4 |     7 |    10 ||    37
   Stab: Confused          |       |     1 |     1 |    14 |     9 |       |       |       |       ||    25
 Armour: Robe              |    21 |    43 |   109 |   209 |   270 |       |       |       |       ||   652
         Leather armour    |       |       |       |       |    90 |   206 |   154 |   169 |   186 ||   805
  Dodge: Dodged            |    20 |    58 |    65 |   137 |   126 |    83 |    46 |    77 |    74 ||   686
  Block: Buckler           |       |       |       |    20 |    55 |    35 |    45 |    75 |    63 ||   293

Table legend: (Time is in decaauts)
 A = Elapsed time spent in this place.
 B = Non-inter-level travel time spent in this place.
 C = Inter-level travel time spent in this place.
 D = Time resting spent in this place.
 E = Time spent auto-exploring this place.
 F = Levels seen in this place.
 G = Mean time per level.
                   A        B        C        D        E       F      G
               +--------+--------+--------+--------+--------+-----+--------+
         Total |  74866 |  68879 |   5987 |  13046 |  42600 |  51 | 1468.0 |
       Dungeon |  21317 |  19451 |   1866 |   3117 |  12555 |  15 | 1421.1 |
        Temple |     25 |     18 |      7 |      0 |      0 |   1 |   25.0 |
          Lair |   8362 |   7590 |    772 |   1092 |   4966 |   5 | 1672.4 |
         Swamp |   5061 |   4598 |    463 |    707 |   3031 |   4 | 1265.2 |
   Spider Nest |   7025 |   6652 |    373 |    900 |   4463 |   4 | 1756.2 |
  Orcish Mines |   1924 |   1626 |    298 |      8 |   1068 |   2 |  962.0 |
   Elven Halls |   4756 |   4471 |    285 |    615 |   3028 |   3 | 1585.3 |
        Vaults |   9022 |   8083 |    939 |    766 |   5632 |   5 | 1804.4 |
         Crypt |   3755 |   3583 |    172 |    589 |   2230 |   3 | 1251.7 |
        Depths |   5300 |   4853 |    447 |    675 |   3487 |   4 | 1325.0 |
           Zot |   8314 |   7952 |    362 |   4576 |   2140 |   5 | 1662.8 |
               +--------+--------+--------+--------+--------+-----+--------+

Top non-repeatable levels by time:
   Zot:5: 3450 daAuts
     D:6: 2900 daAuts
  Lair:3: 2541 daAuts
Depths:2: 2497 daAuts
     D:2: 2371 daAuts
Vaults:4: 2144 daAuts
Spider:4: 2019 daAuts
  Lair:2: 1944 daAuts
Spider:3: 1930 daAuts
Vaults:2: 1909 daAuts
   Zot:3: 1903 daAuts
    D:15: 1820 daAuts
   Zot:2: 1806 daAuts
  Lair:5: 1802 daAuts
 Swamp:3: 1794 daAuts
